 Dungeon Crawl Stone Soup version 0.30-a0-1160-g6e42c06551 (webtiles) character file.

Game seed: 12496402120839598053

2545 qeuew the Nimble (level 9, -10/68 HPs)
             Began as a Merfolk Gladiator on Apr 26, 2023.
             Mangled by a death yak (21 damage)
             ... on level 8 of the Dungeon.
             The game lasted 00:07:58 (5325 turns).

qeuew the Nimble (Merfolk Gladiator)                Turns: 5325, Time: 00:07:59

Health: -10/68     AC: 12    Str: 14    XL:     9   Next: 55%
Magic:  9/9        EV: 18    Int:  6    God:
Gold:   462        SH:  5    Dex: 23    Spells: 8/8 levels left

rFire   . . .        r - +2 great sword
rCold   . . .        (shield currently unavailable)
rNeg    . . .        o - +3 ring mail of the Evening {Slay+3}
rPois   .            c - +1 helmet
rElec   .            (no cloak)
rCorr   .            (no gloves)
SInv    .            (no boots)
Will    +....        f - amulet of reflection
Stlth   +            p - ring of willpower
HPRegen 1.11/turn    (no ring)
MPRegen 0.11/turn

%: random rage (3%), reflection
@: on berserk cooldown, slowed, very slow
A: (nimble swimmer 2), mertail, iridescent scales 1, agile 1, berserk 1,
regeneration 1
a: no special abilities


You were on level 8 of the Dungeon.
You visited 1 branch of the dungeon, and saw 8 of its levels.

You collected 462 gold pieces.

Inventory:

Hand Weapons
 a - a +1 long sword
 r - a +2 great sword (weapon)
Missiles
 d - 3 throwing nets (quivered)
 e - 5 javelins
Armour
 c - a +1 helmet (worn)
 o - the +3 ring mail of the Evening (worn) {Slay+3}
   (You found it on level 4 of the Dungeon)

   Slay:      It affects your accuracy & damage with ranged weapons and melee
   (+3).
Jewellery
 f - an amulet of reflection (around neck)
 m - a ring of protection from cold
 p - a ring of willpower (left hand)
Wands
 i - a wand of digging (1)
 t - a wand of quicksilver (6)
 u - a wand of flame (9)
 w - a wand of roots (14)
Scrolls
 g - 3 scrolls of teleportation
 h - a scroll of magic mapping
 j - a scroll of enchant weapon
 k - 2 scrolls of enchant armour
Potions
 b - 3 potions of haste
 l - a potion of berserk rage
 n - 3 potions of heal wounds
 q - a potion of brilliance
 s - 2 potions of invisibility
 v - 2 potions of curing


   Skills:
 + Level 5.5 Fighting
 * Level 8.9 Long Blades
 + Level 5.1 Throwing
 + Level 3.3 Armour
 * Level 9.8 Dodging


You had 8 spell levels left.
You didn't know any spells.
Your spell library contained the following spells:

 Spells                   Type           Power      Damage    Failure   Level
 Lesser Beckoning         Tloc           0%         N/A       83%         2
 Poisonous Vapours        Pois/Air       0%         N/A       83%         2
 Gell's Gravitas          Tloc           0%         N/A       96%         3
 Mephitic Cloud           Conj/Pois/Air  0%         N/A       96%         3
 Teleport Other           Tloc           0%         N/A       96%         3
 Freezing Cloud           Conj/Ice/Air   0%         6-21      100%        5


Dungeon Overview and Level Annotations

Branches:
Dungeon (8/15)               Lair (0/5) D:8
 Temple: D:4-7

Altars:
Dithmenos
Elyvilon
Makhleb
Uskayaw
Wu Jian
The Shining One

Shops:
D:3 (?


Innate Abilities, Weirdness & Mutations

((You are very nimble when in or above water. (Stealth+, EV+, Speed+++)))
Your lower body shifts to a powerful aquatic tail in water.
You are partially covered in iridescent scales. (AC +2)
You are agile. (Dex +4, Str/Int -1)
You sometimes lose your temper in combat.
Your natural rate of healing is unusually fast.


Message History

You slash the bullfrog!
The bullfrog is severely wounded.
You hear a bellow!
The bullfrog hits you but does no damage.
A yak comes into view.
The bullfrog misses you. The death yak gores you!!
A yak comes into view.
The bullfrog misses you.
The yak bellows!
You closely miss the bullfrog.
The bullfrog is severely wounded.
You hear a bellow!
The bullfrog completely misses you. The death yak completely misses you.
The bullfrog completely misses you. The death yak misses you.
The yak closely misses you. The bullfrog closely misses you.
You closely miss the bullfrog.
The bullfrog is severely wounded.
The bullfrog completely misses you. The death yak gores you.
You block the bullfrog's attack. The death yak barely misses you.
You closely miss the bullfrog.
The bullfrog is severely wounded.
The bullfrog completely misses you. The bullfrog closely misses you.
The death yak gores you! The death yak barely misses you.
The bullfrog hits you. The death yak closely misses you.
The death yak gores you but does no damage.
Unknown command.
You barely miss the bullfrog.
The bullfrog is severely wounded.
The bullfrog completely misses you. x2; The death yak gores you!
The death yak closely misses you.
A yak comes into view.
The bullfrog closely misses you.
You hit the bullfrog.
The bullfrog is almost dead.
The bullfrog barely misses you. The death yak gores you. x2
* * * LOW HITPOINT WARNING * * *
The bullfrog closely misses you. The death yak gores you!
* * * LOW HITPOINT WARNING * * *
The death yak gores you!!
You die... .#....#.... .. ......#.>. #. >.........#. #.......#Y ### .....YY. .<# ..YYY

#.#
#YY#
#.# #@#
#.# #F#
))# #?#
#.##
#.#
...#
#.#
#..###
#.#
.......
...
#..####
#.#
#..#


You could see 3 death yaks, 5 yaks and a bullfrog.

Vanquished Creatures
  A hornet (D:8)
  A water moccasin (D:6)
  2 orc warriors (D:6)
  A black bear (D:6)
  An ice beast (D:4)
  2 ogres
  2 phantoms
  3 kobold brigands
  2 bullfrogs
  7 wights
  A killer bee (D:8)
  2 howler monkeys
  A hound (D:5)
  5 jellies
  Crazy Yiuf (D:3)
  3 orc priests
  A sleepcap (D:5)
  2 iguanas (D:5)
  5 orc wizards
  8 gnolls
  6 adders
  A white imp (D:7)
  An ufetubus (D:5)
  3 dart slugs
  22 orcs
  5 endoplasms
  6 giant cockroaches
  8 hobgoblins
  6 jackals
  20 kobolds
  2 quokkas
  7 ball pythons
  4 bats
  3 frilled lizards
  3 goblins
  3 rats
151 creatures vanquished.

Vanquished Creatures (others)
  6 fungi (D:8)
6 creatures vanquished.

Grand Total: 157 creatures vanquished

Notes
Turn   | Place    | Note
-------+----------+-------------------------------------------
     0 | D:1      | qeuew the Merfolk Gladiator began the quest for the Orb.
     0 | D:1      | Reached XP level 1. HP: 16/16 MP: 1/1
    51 | D:1      | Reached XP level 2. HP: 17/23 MP: 2/2
   511 | D:1      | Reached XP level 3. HP: 28/28 MP: 3/3
   968 | D:1      | Gained mutation: Your body sometimes deteriorates upon
                  | taking damage. [potion of mutation]
   968 | D:1      | Gained mutation: You passively map a small area around you.
                  | [potion of mutation]
  1507 | D:3      | Reached skill level 5 in Dodging
  1507 | D:3      | Reached XP level 4. HP: 27/34 MP: 4/4
  1683 | D:3      | Reached XP level 5. HP: 23/40 MP: 5/5
  1695 | D:3      | Reached skill level 1 in Armour
  1837 | D:3      | Found a runed translucent door.
  1838 | D:3      | Noticed Crazy Yiuf
  1975 | D:3      | Found Yriahost's Magic Scroll Emporium.
  2078 | D:3      | Found a faded altar of an unknown god.
  2323 | D:3      | Found Irewyr's Antique Weapon Shop.
  2402 | D:3      | Killed Crazy Yiuf
  2403 | D:3      | Reached skill level 5 in Long Blades
  2539 | D:4      | Identified the +3 ring mail of the Evening {Slay+3}
  2586 | D:4      | Noticed an ice beast
  2595 | D:4      | Killed an ice beast
  2596 | D:4      | Reached XP level 6. HP: 34/47 MP: 6/6
  2596 | D:4      | Lost mutation: You passively map a small area around you.
                  | [potion of mutation]
  2596 | D:4      | Lost mutation: Your body sometimes deteriorates upon taking
                  | damage. [potion of mutation]
  2596 | D:4      | Gained mutation: You sometimes lose your temper in combat.
                  | [potion of mutation]
  2596 | D:4      | Gained mutation: Your natural rate of healing is unusually
                  | fast. [potion of mutation]
  2596 | D:4      | Gained mutation: You have hidden genetic potential. [potion
                  | of mutation]
  2699 | D:4      | Reached skill level 6 in Dodging
  2788 | D:4      | Reached XP level 7. HP: 52/52 MP: 7/7
  2792 | D:3      | Found a burning altar of Makhleb.
  3054 | D:5      | Entered Level 5 of the Dungeon
  3160 | D:5      | Gained mutation: You are partially covered in iridescent
                  | scales. (AC +2) [hidden potential]
  3229 | D:5      | Reached skill level 7 in Dodging
  3488 | D:5      | Reached XP level 8. HP: 56/60 MP: 8/8
  3837 | D:6      | Gained mutation: You are agile. (Dex +4, Str/Int -1)
                  | [hidden potential]
  3837 | D:6      | Lost mutation: You have hidden genetic potential. [hidden
                  | potential expressed]
  3948 | D:6      | Reached skill level 8 in Dodging
  4168 | D:6      | Reached skill level 5 in Fighting
  4168 | D:6      | Reached XP level 9. HP: 68/68 MP: 9/9
  4216 | D:6      | Reached skill level 9 in Dodging
  4326 | D:6      | Found a white marble altar of Elyvilon.
  4565 | D:7      | Found an ornate altar of the Wu Jian Council.
  4686 | D:7      | Noticed a +0 dagger
  4687 | D:7      | Noticed a +0 dagger
  4688 | D:7      | Found a hide-covered altar of Uskayaw.
  4741 | D:7      | Found a glowing golden altar of the Shining One.
  5295 | D:8      | Reached skill level 5 in Throwing
  5302 | D:8      | Noticed a hornet
  5303 | D:8      | Found a shadowy altar of Dithmenos.
  5308 | D:8      | Killed a hornet
  5311 | D:8      | Noticed a hornet
  5319 | D:8      | Found a staircase to the Lair.
  5319 | D:8      | Noticed a death yak
  5319 | D:8      | Noticed a death yak
  5319 | D:8      | Noticed a death yak
  5325 | D:8      | Mangled by a death yak

Illustrated notes

Levels and vault maps discovered:
D:1:      lemuel_arrival_cross, layout_basic
D:2:      layout_rooms
D:3:      cheibrodos_pilgrimage, layout_loops_ring,
          nicolae_overflow_ecumenical_swirl, serial_shops, shop, shop,
          serial_glass, glass_columns_a, glass_columns_a, glass_columns_c,
          glass_columns_a, glass_columns_a, glass_columns_b, glass_columns_b,
          glass_columns_b, glass_columns_b, glass_columns_a,
          uniq_crazy_yiuf_cottage
D:4:      layout_basic
D:5:      layout_loops_ring, minmay_temple_entry_from_below_a,
          nicolae_elevator_lobby_plus
D:6:      layout_rooms, elyvilon_altar_3
D:7:      layout_loops_cross, dancing_weapons_uskayaw, mainiacjoe_overflow_swirl
D:8:      layout_loops_ring, mainiacjoe_overflow_cross_hatched,
          grunt_temple_overflow_open, jmf_multi_god_temple, dpeg_lair_monsters

Skill      XL: |  1  2  3  4  5  6  7  8  9 |
---------------+----------------------------+-----
Long Blades    | 4 5 6 8 |  8.9
Dodging        | 5 6 7 8 9 |  9.8
Armour         | 1 2 3 |  3.3
Fighting       | 3 4 5 |  5.5
Throwing       | 3 4 5 |  5.1

Action                     |  1- 3 |  4- 6 |  7- 9 || total
---------------------------+-------+-------+-------++-------
  Melee: Long sword        |   106 |   111 |   270 ||   487
         Punch             |       |     3 |     4 ||     7
         Great sword       |       |       |    15 ||    15
    Use: Potion            |     7 |     2 |     1 ||    10
         Scroll            |     7 |       |     6 ||    13
   Stab: Sleeping          |     1 |       |       ||     1
 Armour: Leather armour    |    34 |    22 |       ||    56
         Ring mail         |       |     8 |   119 ||   127
  Dodge: Dodged            |    83 |    65 |   325 ||   473
  Block: Other             |    28 |    32 |   104 ||   164
         Reflection        |     1 |     1 |     2 ||     4

Table legend: (Time is in decaauts)
 A = Elapsed time spent in this place.
 B = Non-inter-level travel time spent in this place.
 C = Inter-level travel time spent in this place.
 D = Time resting spent in this place.
 E = Time spent auto-exploring this place.
 F = Levels seen in this place.
 G = Mean time per level.
                   A        B        C        D        E       F      G
               +--------+--------+--------+--------+--------+-----+--------+
         Total |   5432 |   5195 |    237 |     28 |   4071 |   8 |  679.0 |
       Dungeon |   5432 |   5195 |    237 |     28 |   4071 |   8 |  679.0 |
               +--------+--------+--------+--------+--------+-----+--------+

Top non-repeatable levels by time:
     D:1: 1009 daAuts
     D:3: 972 daAuts
     D:5: 791 daAuts
     D:7: 766 daAuts
     D:6: 713 daAuts
     D:4: 631 daAuts
     D:2: 500 daAuts
     D:8: 47 daAuts
